 Dungeon Crawl Stone Soup version 0.31.0-32-g396128a36d (webtiles) character file.

Game seed: 15411848432766671050

26 CaptainMV the Shooter (level 2, -2/20 HPs)
             Began as a Demonspawn Wanderer on Apr 17, 2024.
             Slain by a gnoll
             ... wielding a +0 whip
              (6 damage)
             ... on level 3 of the Dungeon.
             The game lasted 00:07:15 (1168 turns).

CaptainMV the Shooter (Demonspawn Wanderer)         Turns: 1168, Time: 00:07:15

Health: -2/20      AC:  6    Str: 14    XL:     2   Next: 89%
Magic:  3/3        EV: 11    Int:  9    God:
Gold:   73         SH:  0    Dex: 13    Spells: 3/3 levels left

rFire   . . .        b - +0 short sword
rCold   . . .        (no shield)
rNeg    . . .        e - +0 leather armour
rPois   .            (no helmet)
rElec   .            m - +1 cloak
rCorr   .            c - +0 pair of gloves
SInv    .            (no boots)
Will    .....        (no amulet)
Stlth   ++           (no ring)
HPRegen 0.23/turn    (no ring)
MPRegen 0.08/turn

%: no passive effects
@: no status effects
A: condensation shield
a: no special abilities


You were on level 3 of the Dungeon.
You visited 1 branch of the dungeon, and saw 3 of its levels.

You collected 73 gold pieces.

Inventory:

Hand Weapons
 a - a +0 shortbow
 b - a +0 short sword (weapon)
Armour
 c - a +0 pair of gloves (worn)
 e - a +0 leather armour (worn)
 m - a +1 cloak (worn)
Scrolls
 d - a scroll of teleportation
 i - a scroll of identify
Potions
 f - a potion of curing
 g - a potion of berserk rage {unknown}
 h - a potion of enlightenment {unknown}
 j - a potion of heal wounds {unknown}
 l - a potion of attraction {unknown}


   Skills:
 + Level 0.4 Fighting
 + Level 1.0 Short Blades
 + Level 4.2 Ranged Weapons
 + Level 1.1 Armour
 + Level 1.3 Dodging
 + Level 1.7 Stealth
 + Level 1.0 Spellcasting


You had 3 spell levels left.
You didn't know any spells.
Your spell library was empty.

Dungeon Overview and Level Annotations

Branches:
Dungeon (3/15)

Altars:
Ashenzari

Shops:
D:2 *


Innate Abilities, Weirdness & Mutations

A meltable shield of frost defends you. (SH +0)


Message History

The orc wizard gestures at you while chanting.
You are confused.
The gnoll hits you from afar with a +0 halberd.
* * * LOW HITPOINT WARNING * * *
The orc wizard hits you but does no damage.
You feel better.
The orc wizard gestures at you while chanting.
The magic dart hits you!
* * * LOW HITPOINT WARNING * * *
You feel better.
The orc wizard gestures at you while chanting.
You are confused.
You hear a shout!
You hear a shout! x2
The orc wizard hits you but does no damage.
Something unseen opens the door.
You bump into the rock wall.
The orc wizard points at you and mumbles some strange words.
You resist with significant effort. The adder barely misses you.
The orc wizard hits you but does no damage.
The adder barely misses you.
You feel less confused. The orc wizard misses you. The adder bites you.
You are poisoned.
The adder poisons you!
You feel sick. The gnoll closely misses you.
You feel sick.
A gnoll comes into view. It is wielding a +0 spear.
The adder completely misses you.
There is an open door here.
An orc comes into view. It is wielding a +0 mace.
You feel sick.
The orc moves out of view.
An orc and a gnoll come into view.
You feel sick.
You are no longer poisoned.
The orc shouts!
A dart slug comes into view.
The gnoll attacks as it pursues you! The gnoll hits you with a +0 whip.
You die...

#.........##
#..###..†.......######
#......<.<............
#.#####.(.......##..#
#.......>.......#
.............?..# #
###............##.#
#..........g.#..#
####...##S##@.$#
#...#o..#o..#
.....#.g.#og....
...####...##.......
#.. ##'## ⌠#..... ..
#....g....#.....
##.......#.##...
#.......#w ...
+..._..$'


You could see 2 gnolls, a dart slug and 2 orcs.

Vanquished Creatures
  A ball python (D:2)
  4 endoplasms
  3 giant cockroaches
  A goblin (D:2)
  3 hobgoblins
  3 kobolds
  2 quokkas
  2 bats (D:1)
  A frilled lizard (D:1)
  2 rats (D:1)
22 creatures vanquished.

Notes
Turn   | Place    | Note
-------+----------+-------------------------------------------
     0 | D:1      | CaptainMV the Demonspawn Wanderer began the quest for the
                  | Orb.
     0 | D:1      | CaptainMV set off with the following items: a +0 shortbow,
                  | a +0 short sword, a +0 pair of gloves, a scroll of
                  | teleportation, a +0 leather armour.
     0 | D:1      | Reached XP level 1. HP: 13/13 MP: 2/2
   186 | D:1      | Gained mutation: A meltable shield of frost defends you.
                  | (SH +0) [demonic ancestry]
   186 | D:1      | Reached XP level 2. HP: 19/19 MP: 3/3
   567 | D:2      | Reached skill level 4 in Ranged Weapons
   665 | D:2      | Found Uce Pode's General Store.
  1134 | D:3      | Found a faded altar of an unknown god.
  1146 | D:3      | Found a broken altar of Ashenzari.
  1168 | D:3      | Slain by a gnoll

Illustrated notes

Levels and vault maps discovered:
D:1:      evilmike_arrival_crescent, layout_basic
D:2:      layout_basic, serial_shops, nicolae_shop_tiny_statue_garden
D:3:      layout_rooms, evilmike_ruin_ashenzari, grunt_qazlal_clouds,
          mainiacjoe_overflow_24_doors, ebering_ecumenical_altar_box

Skill      XL: |  1  2 |
---------------+-------+-----
Ranged Weapons | 4 |  4.2
Fighting       | |  0.4
Short Blades   | |  1.0
Armour         | |  1.1
Dodging        | |  1.3
Stealth        | |  1.7
Spellcasting   | |  1.0

Action                     || total
---------------------------++-------
  Melee: Short sword       ||     6
   Fire: Shortbow          ||    61
    Use: Scroll            ||     4
         Potion            ||     2
 Armour: Leather armour    ||    34
  Dodge: Dodged            ||    30
  Block: Other             ||     5
